 Dungeon Crawl Stone Soup version 0.31-a0-37-g98a128e1d9 (webtiles) character file.

Game seed: 3740812036862596356

144 pk666 the Magician (level 5, -6/28 HPs)
             Began as a Deep Elf Fire Elementalist on May 15, 2023.
             Killed by divine providence
             ... invoked by an orc priest
              (13 damage)
             ... on level 4 of the Dungeon.
             The game lasted 00:06:29 (3270 turns).

pk666 the Magician (Deep Elf Fire Elementalist)     Turns: 3270, Time: 00:06:29

Health: -6/28      AC:  2    Str:  5    XL:     5   Next: 5%
Magic:  23/23      EV: 12    Int: 22    God:
Gold:   156        SH:  0    Dex: 15    Spells: 12/13 levels left

rFire   . . .        c - +2 dagger (holy)
rCold   . . .        (no shield)
rNeg    . . .        a - +0 robe
rPois   .            (no helmet)
rElec   .            (no cloak)
rCorr   .            (no gloves)
SInv    .            (no boots)
Will    .....        (no amulet)
Stlth   +            o - ring of magical power
HPRegen 0.24/turn    (no ring)
MPRegen 0.18/turn

%: no passive effects
@: confused
A: no striking features
a: no special abilities


You were on level 4 of the Dungeon.
You visited 1 branch of the dungeon, and saw 4 of its levels.

You collected 156 gold pieces.

Inventory:

Hand Weapons
 c - a +2 dagger of holy wrath (weapon)
Armour
 a - a +0 robe (worn)
Jewellery
 g - a +6 ring of strength
 m - a +4 ring of slaying
 o - a ring of magical power (left hand)
Scrolls
 e - 4 scrolls of identify {unknown}
 f - a scroll of amnesia {unknown}
 h - 2 scrolls of enchant weapon {unknown}
 i - 3 scrolls of teleportation {unknown}
 l - a scroll of poison {unknown}
 n - 2 scrolls of enchant armour {unknown}
 p - a scroll of blinking {unknown}
Potions
 b - a potion of magic
 d - a potion of berserk rage {unknown}
 j - 2 potions of mutation {unknown}
 k - a potion of curing {unknown}


   Skills:
 - Level 2.4 Dodging
 - Level 2.4 Stealth
 + Level 4.7 Spellcasting
 + Level 3.2 Conjurations
 + Level 4.4 Fire Magic


You had 12 spell levels left.
You knew the following spells:

 Your Spells              Type           Power      Damage    Failure   Level
a - Foxfire               Conj/Fire      88%        2x1d8     2%          1

Your spell library contained the following spells:

 Spells                   Type           Power      Damage    Failure   Level
 Scorch                   Fire           48%        2d7       2%          2
 Kiss of Death            Conj/Necr      48%        2d9       5%          1
 Shock                    Conj/Air       48%        1d6       5%          1
 Momentum Strike          Conj/Tloc      24%        3d8       9%          2
 Inner Flame              Hex/Fire       15%        N/A       12%         3
 Volatile Blastmotes      Fire/Tloc      30%        2d12      12%         3
 Blink                    Tloc           10%        N/A       16%         2
 Cigotuvi's Dreadful Rot  Necr/Pois/Air  10%        N/A       16%         2
 Lesser Beckoning         Tloc           10%        N/A       16%         2
 Ignite Poison            Fire/Tmut/Pois 11%        N/A       17%         3
 Flame Wave               Conj/Fire      22%        2d8       22%         4
 Confusing Touch          Hex            5%         N/A       30%         3
 Gell's Gravitas          Tloc           5%         N/A       30%         3
 Swiftness                Air            5%         N/A       30%         3
 Teleport Other           Tloc           5%         N/A       30%         3
 Airstrike                Air            2%         2d(1-17)  71%         4
 Dispel Undead            Necr           5%         3d7       71%         4
 Freezing Cloud           Conj/Ice/Air   5%         6-21      88%         5


Dungeon Overview and Level Annotations

Branches:
Dungeon (4/15)
 Temple: D:4-7

Altars:
Hepliaklqana

Shops:
D:3 =


Message History

An orc comes into view. It is wielding a +0 short sword.
Unknown command.
Your foxfire dissipates!
Casting: Foxfire (safe; 2% risk of failure)
Confirm with . or Enter, or press ? or * to list all spells.
You conjure some foxfire!
The foxfire hits the endoplasm.
The endoplasm is almost dead.
The foxfire hits the endoplasm.
You kill the endoplasm!
You start resting.
Magic restored.
The orc wizard shouts!
You hear a shout!
There is an open door here.
Casting: Foxfire (safe; 2% risk of failure)
Confirm with . or Enter, or press ? or * to list all spells.
You conjure some foxfire!
The orc shouts!
The orc wizard mumbles some strange words.
The orc wizard flickers and vanishes!
Deactivating autopickup; reactivate with Ctrl-A.
An orc wizard comes into view. It is wielding a +0 dagger.
An orc comes into view. It is wielding a +0 whip.
The foxfire hits something!
Your foxfire dissipates!
You are confused.
An orc priest comes into view. It is wielding a +0 flail.
The orc priest shouts!
A magic dart appears from out of thin air!
The magic dart hits you!
The orc priest invokes the aid of Beogh against you.
Beogh smites you!
* * * LOW HITPOINT WARNING * * *
You're too confused to cast spells.
Unknown command.
You bump into the rock wall.
You're too confused to move!
The orc priest invokes the aid of Beogh against you.
Beogh smites you!
You die...

....# ...
.o. .o. #o#
#.# #.#
##'##
##..@##
##.....##
##.......##
#.........#
+.).....<.+
#.........#
##.......##
..#.....##
##.##...##


You could see an orc priest, an orc wizard and an orc.

Vanquished Creatures
  A hound (D:2)
  2 adders (D:3)
  2 worms (D:2)
  5 orcs (D:3)
  4 ball pythons
  6 bats
  7 endoplasms
  6 giant cockroaches
  11 goblins
  7 hobgoblins
  5 jackals
  8 kobolds
  3 quokkas
  3 frilled lizards
  4 rats
74 creatures vanquished.

Vanquished Creatures (others)
  274 foxfires
274 creatures vanquished.

Grand Total: 348 creatures vanquished

Notes
Turn   | Place    | Note
-------+----------+-------------------------------------------
     0 | D:1      | pk666 the Deep Elf Fire Elementalist began the quest for
                  | the Orb.
     0 | D:1      | Reached XP level 1. HP: 10/10 MP: 6/6
   208 | D:1      | Reached XP level 2. HP: 15/15 MP: 6/8
   681 | D:1      | Reached XP level 3. HP: 19/19 MP: 7/10
   805 | D:1      | Found a faded altar of an unknown god.
  1461 | D:2      | Reached XP level 4. HP: 24/24 MP: 8/12
  2789 | D:3      | Reached XP level 5. HP: 28/28 MP: 14/14
  2996 | D:3      | Found Faes's Jewellery Shop.
  3180 | D:3      | Found a hazy altar of Hepliaklqana.
  3270 | D:4      | Killed from afar by an orc priest

Illustrated notes

Levels and vault maps discovered:
D:1:      psy_arrival_dodecagon, layout_loops_ring,
          hellmonk_ecumenical_altar_leap_of_faith
D:2:      layout_basic, st_stairs_11, hangedman_decor_points, minmay_domino_2
D:3:      layout_basic, mainiacjoe_overflow_alcove_4, serial_shops,
          nicolae_shop_stone, grunt_ministairs_9
D:4:      layout_loops_corners, lemuel_tele_altar, gup_sewer_entry_bowl,
          nicolae_elemental_shop, kennysheep_big_empty_room, uniq_sigmund

Skill      XL: |  1  2  3  4 |
---------------+-------------+-----
Conjurations   | 2 3 |  3.2
Spellcasting   | 4 |  4.7
Fire Magic     | 4 |  4.4
Dodging        | |  2.4
Stealth        | |  2.4

Action                     |  1- 3 |  4- 6 || total
---------------------------+-------+-------++-------
  Melee: Dagger            |     1 |       ||     1
   Cast: Foxfire           |    76 |    87 ||   163
 Armour: Robe              |     2 |     1 ||     3
  Dodge: Dodged            |     9 |     2 ||    11

Table legend: (Time is in decaauts)
 A = Elapsed time spent in this place.
 B = Non-inter-level travel time spent in this place.
 C = Inter-level travel time spent in this place.
 D = Time resting spent in this place.
 E = Time spent auto-exploring this place.
 F = Levels seen in this place.
 G = Mean time per level.
                   A        B        C        D        E       F      G
               +--------+--------+--------+--------+--------+-----+--------+
         Total |   3268 |   3159 |    109 |     70 |   2581 |   4 |  817.0 |
       Dungeon |   3268 |   3159 |    109 |     70 |   2581 |   4 |  817.0 |
               +--------+--------+--------+--------+--------+-----+--------+

Top non-repeatable levels by time:
     D:2: 1208 daAuts
     D:1: 1021 daAuts
     D:3: 991 daAuts
     D:4: 46 daAuts
